 Dungeon Crawl Stone Soup version 0.31-a0-4-gefa6de2278 (webtiles) character file.

Game seed: 7302640176704696131

595 snetch the Trooper (level 7, -5/61 HPs)
             Began as a Minotaur Berserker on May 3, 2023.
             Was an Elder of Trog.
             Slain by an iguana (9 damage)
             ... on level 5 of the Dungeon.
             The game lasted 00:06:55 (2445 turns).

snetch the Trooper (Minotaur Berserker)             Turns: 2445, Time: 00:06:55

Health: -5/61      AC:  6    Str: 30    XL:     7   Next: 17%
Magic:  6/6        EV: 10    Int:  4    God:    Trog [****..]
Gold:   173        SH:  0    Dex:  9    Spells: 6/6 levels left

rFire   . . .        b - +0 mace (drain)
rCold   . . .        (no shield)
rNeg    + . .        l - +0 chain mail
rPois   .            (helmet restricted)
rElec   .            (no cloak)
rCorr   .            (no gloves)
SInv    .            q - +0 pair of boots
Will    .....        (no amulet) Stlth
                     i - ring of positive energy
HPRegen 0.30/turn    e - +6 ring of strength
MPRegen 0.10/turn

%: no passive effects
@: corroded
A: horns 2, retaliatory headbutt
a: Renounce Religion, Berserk, Trog's Hand, Brothers in Arms


You were on level 5 of the Dungeon.
You worshipped Trog.
Trog was greatly pleased with you.
You visited 1 branch of the dungeon, and saw 5 of its levels.

You collected 173 gold pieces.

Inventory:

Hand Weapons
 a - a +0 war axe
 b - a +0 mace of draining (weapon)
 c - a +0 spear of venom
 k - a +0 flail
Missiles
 d - 40 stones (quivered)
 w - 5 datura-tipped darts
Armour
 l - a +0 chain mail (worn)
 q - a +0 pair of boots (worn)
Jewellery
 e - a +6 ring of strength (right hand)
 i - a ring of positive energy (left hand)
 r - a ring of resist corrosion
 s - a ring of flight
Wands
 v - a wand of light (4)
Scrolls
 f - 4 scrolls of identify {unknown}
 h - 2 scrolls of teleportation {unknown}
 j - a scroll of enchant armour {unknown}
 p - a scroll of silence {unknown}
 t - a scroll of amnesia {unknown}
Potions
 g - a potion of flight {unknown}
 m - a potion of brilliance {unknown}
 n - a potion of magic {unknown}
 o - 2 potions of heal wounds {unknown}
 u - 2 potions of ambrosia {unknown}


   Skills:
 + Level 5.6 Fighting
 + Level 5.2(6.2) Axes
 + Level 4.9(6.0) Maces & Flails
 + Level 0.5 Throwing
 + Level 4.4 Armour
 + Level 3.2 Dodging
 + Level 0.9 Stealth


You had 6 spell levels left.
You didn't know any spells.
Your spell library contained the following spells:

 Spells                   Type           Power      Damage    Failure   Level
 Cigotuvi's Dreadful Rot  Necr/Pois/Air  0%         N/A       98%         2
 Ignite Poison            Fire/Tmut/Pois 0%         N/A       100%        3
 Freezing Cloud           Conj/Ice/Air   0%         6-21      100%        5


Dungeon Overview and Level Annotations

Branches:
Dungeon (5/15)
 Temple: D:4-7

Altars:
Cheibriados
Sif Muna
The Shining One


Innate Abilities, Weirdness & Mutations

You have a pair of horns on your head.
You reflexively headbutt those who attack you in melee.


Message History

A jelly comes into view.
The jelly quivers.
You hit the iguana. You drain the iguana. Your headbutt misses the iguana.
The iguana is heavily wounded.
The iguana bites you but does no damage.
You hit the iguana. You drain the iguana.
The iguana is severely wounded.
The iguana closely misses you. The iguana bites you!
You thump the iguana!
You kill the iguana!
Trog accepts your kill. The iguana bites you!
You hit the iguana.
The iguana is lightly wounded.
The jelly hits you but does no damage. The iguana closely misses you.
You furiously retaliate!
You headbutt the iguana! You closely miss the iguana.
The iguana is heavily wounded.
The jelly closely misses you. The iguana misses you.
You hit the iguana.
The iguana is severely wounded.
The jelly completely misses you. The iguana bites you! The iguana bites you.
The jelly closely misses you.
You are too injured to fight recklessly!
You are too injured to fight recklessly!
Unknown command.
You closely miss the iguana.
The iguana is severely wounded.
The iguana bites you!
* * * LOW HITPOINT WARNING * * *
The jelly hits you.
* * * LOW HITPOINT WARNING * * *
The acid corrodes you!
You are splashed with acid!
* * * LOW HITPOINT WARNING * * *
The iguana attacks as you move away! The iguana barely misses you.
You furiously retaliate!
You headbutt the iguana. You hit the iguana.
The iguana is almost dead.
The jelly hits you but does no damage. The iguana bites you!
You die...

#. ### #.####..
....
###.#..#.##....
...#..#..#...
##...........
###+#.........#
#......#......#
#......<.)l...#
#....#.#.@J...#
#..
#.##..........
# #.
#+#####.... #.
... #. . .. ..


You could see an iguana and a jelly.

Vanquished Creatures
  An ice beast (D:3)
  2 black bears
  A scorpion (D:5)
  A jelly (D:5)
  A hound (D:5)
  An iguana (D:5)
  4 gnolls (D:2)
  2 adders (D:2)
  A white imp (D:4)
  5 worms
  2 dart slugs
  9 orcs
  4 bats
  14 endoplasms
  6 giant cockroaches
  8 goblins
  4 hobgoblins
  5 jackals
  4 quokkas
  4 ball pythons
  6 frilled lizards
  2 goblin skeletons (D:4)
  A hobgoblin zombie (D:4)
  3 kobolds
  6 kobold zombies (D:4)
  An orc skeleton (D:4)
  5 rats
  A spectral kobold (D:2)
104 creatures vanquished.

Vanquished Creatures (others)
  13 plants
13 creatures vanquished.

Grand Total: 117 creatures vanquished

Notes
Turn   | Place    | Note
-------+----------+-------------------------------------------
     0 | D:1      | snetch the Minotaur Berserker began the quest for the Orb.
     0 | D:1      | Reached XP level 1. HP: 19/19 MP: 0/0
   188 | D:1      | Reached XP level 2. HP: 27/27 MP: 1/1
   690 | D:2      | Reached XP level 3. HP: 22/33 MP: 2/2
   691 | D:2      | Reached ** piety under Trog
   833 | D:2      | Reached XP level 4. HP: 41/41 MP: 3/3
   987 | D:2      | Found a faded altar of an unknown god.
  1383 | D:4      | Reached skill level 5 in Axes
  1489 | D:4      | Found a snail-covered altar of Cheibriados.
  1597 | D:3      | Noticed an ice beast
  1607 | D:3      | Killed an ice beast
  1608 | D:3      | Reached skill level 5 in Fighting
  1608 | D:3      | Reached XP level 5. HP: 34/48 MP: 4/4
  1625 | D:3      | Found a shimmering blue altar of Sif Muna.
  1639 | D:4      | Reached *** piety under Trog
  2070 | D:5      | Entered Level 5 of the Dungeon
  2077 | D:5      | Reached XP level 6. HP: 50/56 MP: 5/5
  2210 | D:4      | Found a glowing golden altar of the Shining One.
  2217 | D:4      | Reached **** piety under Trog
  2432 | D:5      | Reached XP level 7. HP: 54/61 MP: 6/6
  2442 | D:5      | HP: 3/61 [acid (8)]
  2445 | D:5      | Slain by an iguana

Illustrated notes

Levels and vault maps discovered:
D:1:      dpeg_arrival_stone_temple_mockup, layout_rooms, minivault_24,
          roderic_serpentine_path
D:2:      layout_loops_cross, dreamdust_ecumenical_altar_drowned_temple,
          minivault_23, nicolae_figureground_sparkle
D:3:      layout_basic, nicolae_sif_muna_condensation, serial_bayou,
          serial_bayou_pond_c, serial_bayou_shore_a, serial_bayou_pond_c,
          serial_bayou_ford_a
D:4:      kennysheep_big_flooded_room, layout_loops_ring,
          nicolae_tso_besieged_by_evil, slow_altar_1, serial_bayou,
          serial_bayou_crossing, serial_bayou_lake_a, serial_bayou_pond_d,
          serial_bayou_shore_b, serial_bayou_lagoon_a
D:5:      layout_basic, serial_bayou_pond_b, minmay_a_box_with_orc_wizards_in_it

Skill      XL: |  1  2  3  4  5  6 |
---------------+-------------------+-----
Fighting       | 4 5 |  5.6
Axes           | 4 5 |  5.2
Armour         | 3 4 |  4.4
Maces & Flails | 2 4 |  4.9
Dodging        | 3 |  3.2
Throwing       | |  0.5
Stealth        | |  0.9

Action                     |  1- 3 |  4- 6 |  7- 9 || total
---------------------------+-------+-------+-------++-------
  Melee: Hand axe          |    50 |       |       ||    50
         Headbutt          |     9 |    12 |       ||    21
         Mace              |    16 |   161 |     8 ||   185
         Punch             |       |     1 |       ||     1
  Throw: Stone             |       |     3 |       ||     3
 Armour: Ring mail         |    22 |       |       ||    22
         Chain mail        |       |    86 |     3 ||    89
  Dodge: Dodged            |    30 |    80 |     7 ||   117

Table legend: (Time is in decaauts)
 A = Elapsed time spent in this place.
 B = Non-inter-level travel time spent in this place.
 C = Inter-level travel time spent in this place.
 D = Time resting spent in this place.
 E = Time spent auto-exploring this place.
 F = Levels seen in this place.
 G = Mean time per level.
                   A        B        C        D        E       F      G
               +--------+--------+--------+--------+--------+-----+--------+
         Total |   2559 |   2490 |     69 |      0 |   1461 |   5 |  511.8 |
       Dungeon |   2559 |   2490 |     69 |      0 |   1461 |   5 |  511.8 |
               +--------+--------+--------+--------+--------+-----+--------+

Top non-repeatable levels by time:
     D:3: 770 daAuts
     D:2: 683 daAuts
     D:1: 585 daAuts
     D:4: 475 daAuts
     D:5: 44 daAuts
